AoeStats
← ulan88

African Clearing

505463607Analyzed
4v4 RM · 21d ago on Sep 9, 2026· 50m 54s· 8 players
Game mode
Random Map
Map size
Large (8 player)
Population
200
Speed
Normal
Resources
Standard
Victory
Conquest
Starting age
Dark Age
Ending age
Imperial Age
RankedLock teamsTeams togetherTeam positionsShared explorationLock speedFull tech treeHidden civsTurbo modeCheats
Victory
Defeat
1415
+15
1398
+16
🇨🇴 Italians · Colombia
1393
+16
🇩🇪 Hindustanis · Germany
1387
+17
🇨🇳 Huns · China
1431
-17
🇨🇳 Magyars · China
1429
-17
🇨🇳 Goths · China
1397
-16
🇨🇳 Gurjaras · China
1340
-14
Barca4life
9:21 Loom
12:18 Feudal Age
13:10 Double-Bit Axe
19:21 Forging
20:38 Horse Collar
21:45 Scale Barding Armor
23:05 Wheelbarrow
23:36 Bloodlines
28:31 Castle Age
29:00 Gold Mining
29:16 Husbandry
30:23 Chain Barding Armor
30:16 Bow Saw
30:00 Town Watch
30:12 Light Cavalry
31:54 Iron Casting
34:44 Heavy Plow
39:13 Hand Cart
42:47 Imperial Age
43:25 Heavy Camel Rider
44:42 Plate Barding Armor
45:37 Blast Furnace
44:50 Fletching
46:07 Conscription
45:38 Imperial Camel Rider
46:47 Grand Trunk Road
48:04 Two-Man Saw
48:14 Ballistics
48:49 Bodkin Arrow
49:33 Gold Shaft Mining
49:40 Coinage
Pug Carlino
9:13 Loom
13:14 Feudal Age
24:33 Double-Bit Axe
25:03 Fletching
25:31 Horse Collar
28:44 Gold Mining
30:50 Stone Mining
31:41 Wheelbarrow
30:53 Town Watch
46:55 Castle Age
48:12 Stone Shaft Mining
47:47 Bow Saw
47:38 Heavy Plow
47:55 Hand Cart
47:40 Town Patrol
47:44 Caravan
49:17 Town Patrol
Combi | NITRAMDELANIEVE
8:55 Loom
11:28 Feudal Age
19:36 Double-Bit Axe
20:03 Horse Collar
24:09 Man-at-Arms
24:36 Arson
25:32 Forging
28:07 Gold Mining
29:18 Wheelbarrow
32:39 Castle Age
34:09 Bow Saw
38:10 Imperial Age
36:31 Heavy Plow
38:09 Hand Cart
38:25 Scale Barding Armor
38:56 Iron Casting
38:52 Bloodlines
38:14 Elite Steppe Lancer
38:21 Light Cavalry
39:45 Conscription
39:36 Steppe Husbandry
40:11 Chain Barding Armor
41:27 Blast Furnace
40:30 Hussar
42:16 Fletching
42:27 Padded Archer Armor
43:02 Town Watch
44:13 Stone Mining
44:58 Gold Shaft Mining
45:18 Capped Ram
46:21 Scale Mail Armor
46:58 Plate Barding Armor
47:22 Chain Mail Armor
46:48 Siege Ram
47:34 Pikeman
48:14 Squires
48:46 Plate Mail Armor
48:43 Halberdier
51:26 Bodkin Arrow
Ares_Hong Bang- Trieu Dynasty
5:08 Loom
12:26 Feudal Age
18:30 Castle Age
17:51 Double-Bit Axe
19:39 Fletching
22:56 Wheelbarrow
23:28 Bodkin Arrow
26:49 Padded Archer Armor
29:15 Ballistics
38:05 Imperial Age
36:01 Bloodlines
36:42 Leather Archer Armor
37:58 Murder Holes
40:01 Light Cavalry
41:14 Bow Saw
43:44 Hand Cart
45:07 Chemistry
44:10 Bracer
45:08 Horse Collar
800分天才玩家
3:59 Loom
13:51 Feudal Age
15:33 Double-Bit Axe
18:04 Castle Age
16:12 Horse Collar
19:37 Wheelbarrow
19:14 Bow Saw
20:01 Heavy Plow
24:27 Hand Cart
25:20 Gold Mining
26:43 Fletching
28:10 Husbandry
30:31 Scale Barding Armor
30:37 Forging
32:44 Stone Mining
34:09 Bloodlines
34:50 Chain Barding Armor
36:25 Iron Casting
37:12 Town Watch
38:09 Gold Shaft Mining
38:10 Stone Shaft Mining
41:28 Imperial Age
40:16 Kshatriyas
41:35 Heavy Camel Rider
42:38 Conscription
42:39 Frontier Guards
44:06 Crop Rotation
44:21 Plate Barding Armor
45:11 Fortified Wall
45:12 Masonry
45:22 Ballistics
ulan88
6:46 Loom
14:09 Feudal Age
14:14 Man-at-Arms
15:46 Forging
15:37 Scale Mail Armor
25:52 Castle Age
39:05 Double-Bit Axe
41:37 Bow Saw
45:54 Pikeman
46:34 Squires
ahjol
4:13 Loom
15:54 Feudal Age
23:41 Double-Bit Axe
25:02 Horse Collar
28:46 Gold Mining
31:49 Town Watch
35:52 Castle Age
35:59 Fletching
36:10 Padded Archer Armor
36:16 Elite Skirmisher
36:52 Bodkin Arrow
37:00 Stone Mining
40:43 Leather Archer Armor
41:47 Crossbowman
42:38 Thumb Ring
43:27 Gold Shaft Mining
44:10 Pikeman
46:47 Forging
48:33 Squires
usqyn
7:47 Loom
16:32 Feudal Age
21:11 Castle Age
19:29 Scale Barding Armor
20:58 Bloodlines
21:11 Double-Bit Axe
22:11 Wheelbarrow
28:52 Bow Saw
30:22 Chain Barding Armor
32:41 Hand Cart
33:23 Town Watch
37:28 Imperial Age
35:54 Corvinian Army
35:56 Horse Collar
36:39 Heavy Plow
38:52 Conscription
39:24 Plate Barding Armor
38:50 Gold Mining
38:50 Stone Mining
40:05 Two-Man Saw
40:46 Fletching
43:38 Elite Magyar Huszar
47:03 Hoardings
48:31 Bodkin Arrow
50:51 Bracer
Connection lost

Rejoining the realm…

Still unreachable

The connection could not be restored.

Session expired

The server has moved on; the page needs a fresh start.